| TOP OF THE 1ST |
|
Cocoa Flyers batting - Pitching for Dunedin Blue Jays : RHP Johnny Abrego
|
|
Pitching: RHP Johnny Abrego
|
|
|
Batting: RHB Danny Arroyo
|
0-0: Foul Ball, location: 2F 0-1: Ball 1-1: Ground out 4-3 (Groundball, 4M, EV 103.8 MPH)
|
|
Batting: LHB Gary Robertson
|
0-0: Ball 1-0: Fly out, F8 (Flyball, 78M, EV 85.6 MPH)
|
|
Batting: LHB Mike Jones
|
0-0: Ball 1-0: Ball 2-0: Ball 3-0: Called Strike 3-1: Foul Ball, location: 2F 3-2: SINGLE (Line Drive, 89S, EV 99.4 MPH)
|
|
Batting: LHB Shanie Dugas
|
0-0: Ball 1-0: DOUBLE (Flyball, 8RXD, EV 109.4 MPH) Mike Jones to third Runner from 3rd tries for Home, SAFE, no throw by CF
|
|
Batting: RHB Larry McNutt
|
0-0: Swinging Strike 0-1: SINGLE (Groundball, 6MD, EV 105.6 MPH) Shanie Dugas to third Runner from 3rd tries for Home, SAFE, throw by CF to home
|
|
Batting: LHB Clint Hurdle
|
0-0: Ball 1-0: Ball 2-0: Called Strike 2-1: Fly out, F8 (Flyball, 78D, EV 89.4 MPH)
|
| Top of the 1st over - 2 runs, 3 hits, 0 errors, 1 left on base; Cocoa 2 - Dunedin 0 |
| BOTTOM OF THE 1ST |
|
Dunedin Blue Jays batting - Pitching for Cocoa Flyers : RHP Scott Garrelts
|
|
Pitching: RHP Scott Garrelts
|
|
|
Batting: SHB Ted Wilborn
|
0-0: Ball 1-0: Fly out, F5 (Popup, 5SF, EV 71.9 MPH)
|
|
Batting: RHB Brad Wellman
|
0-0: Fly out, F4 (Popup, 4S, EV 64.4 MPH)
|
|
Batting: RHB Dale Berra
|
0-0: Called Strike 0-1: Ball 1-1: Ball 2-1: Ball 3-1: Foul Ball, location: 2F 3-2: Ground out 5-3 (Groundball, 56S, EV 86.9 MPH)
|
| Bottom of the 1st over - 0 runs, 0 hits, 0 errors, 0 left on base; Cocoa 2 - Dunedin 0 |
| TOP OF THE 2ND |
|
Cocoa Flyers batting - Pitching for Dunedin Blue Jays : RHP Johnny Abrego
|
|
Batting: RHB Lorenzo Quintanilla
|
0-0: Called Strike 0-1: Foul Ball, location: 2F 0-2: Fly out, F7 (Flyball, 78M, EV 85.6 MPH)
|
|
Batting: RHB Miguel Dominguez
|
0-0: Foul Ball, location: 2F 0-1: SINGLE (Line Drive, 56D, EV 98.8 MPH)
|
|
Batting: RHB Jorge Diaz
|
0-0: Called Strike 0-1: Swinging Strike 0-2: Strikes out looking
|
|
Batting: RHB Danny Arroyo
|
0-0: Called Strike 0-1: Ball 1-1: SINGLE (Line Drive, 9S, EV 100.0 MPH) Miguel Dominguez to second Runner from 2nd tries for 3rd, SAFE, no throw by RF
|
|
Batting: LHB Gary Robertson
|
0-0: Called Strike 0-1: Ball 1-1: Ball 2-1: Called Strike 2-2: Foul Ball, location: 2F 2-2: Ball 3-2: Ground out 4-3 (Groundball, 4, EV 85.0 MPH)
|
| Top of the 2nd over - 0 runs, 2 hits, 0 errors, 2 left on base; Cocoa 2 - Dunedin 0 |
| BOTTOM OF THE 2ND |
|
Dunedin Blue Jays batting - Pitching for Cocoa Flyers : RHP Scott Garrelts
|
|
Batting: RHB Jose Canseco
|
0-0: Called Strike 0-1: Fly out, F8 (Flyball, 8LD, EV 77.5 MPH)
|
|
Batting: LHB Monte McAbee
|
0-0: Called Strike 0-1: Foul Ball, location: 2F 0-2: Fly out, F3 (Popup, 3L, EV 57.5 MPH)
|
|
Batting: RHB Eugene Pallavicini
|
0-0: Called Strike 0-1: Ball 1-1: Ball 2-1: Ball 3-1: Ground out 5-3 (Groundball, 56, EV 103.8 MPH)
|
| Bottom of the 2nd over - 0 runs, 0 hits, 0 errors, 0 left on base; Cocoa 2 - Dunedin 0 |
| TOP OF THE 3RD |
|
Cocoa Flyers batting - Pitching for Dunedin Blue Jays : RHP Johnny Abrego
|
|
Batting: LHB Mike Jones
|
0-0: Swinging Strike 0-1: Swinging Strike 0-2: Strikes out swinging
|
|
Batting: LHB Shanie Dugas
|
0-0: Ball 1-0: Ball 2-0: Called Strike 2-1: Called Strike 2-2: Strikes out looking
|
|
Batting: RHB Larry McNutt
|
0-0: Ball 1-0: Fly out, F7 (Flyball, 7LM, EV 90.6 MPH)
|
| Top of the 3rd over - 0 runs, 0 hits, 0 errors, 0 left on base; Cocoa 2 - Dunedin 0 |
| BOTTOM OF THE 3RD |
|
Dunedin Blue Jays batting - Pitching for Cocoa Flyers : RHP Scott Garrelts
|
|
Batting: RHB Dave Hogg
|
0-0: Ball 1-0: Foul Ball, location: 2F 1-1: Called Strike 1-2: Strikes out swinging, 2-3 out at first.
|
|
Batting: RHB Robert Conley
|
0-0: Ball 1-0: Swinging Strike 1-1: Ground out 1-3 (Groundball, 13, EV 65.6 MPH)
|
|
Batting: RHB Scott Richartz
|
0-0: Called Strike 0-1: Foul Ball, location: 2F 0-2: Ball 1-2: Ball 2-2: Ball 3-2: Ground out 6-3 (Groundball, 6, EV 105.0 MPH)
|
| Bottom of the 3rd over - 0 runs, 0 hits, 0 errors, 0 left on base; Cocoa 2 - Dunedin 0 |
| TOP OF THE 4TH |
|
Cocoa Flyers batting - Pitching for Dunedin Blue Jays : RHP Johnny Abrego
|
|
Batting: LHB Clint Hurdle
|
0-0: Called Strike 0-1: Ball 1-1: Ball 2-1: Foul Ball, location: 2F 2-2: Strikes out swinging
|
|
Batting: RHB Lorenzo Quintanilla
|
0-0: Ball 1-0: Ball 2-0: Ball 3-0: Called Strike 3-1: Foul Ball, location: 2F 3-2: SINGLE (Line Drive, 7S, EV 93.1 MPH)
|
|
Batting: RHB Miguel Dominguez
|
0-0: Ball 1-0: Foul Ball, location: 2F 1-1: Ball 2-1: Ball 3-1: Swinging Strike 3-2: Grounds into double play, 5-4-3 (Groundball, 56, EV 84.4 MPH)
|
| Top of the 4th over - 0 runs, 1 hit, 0 errors, 0 left on base; Cocoa 2 - Dunedin 0 |
| BOTTOM OF THE 4TH |
|
Dunedin Blue Jays batting - Pitching for Cocoa Flyers : RHP Scott Garrelts
|
|
Batting: SHB Ted Wilborn
|
0-0: Swinging Strike 0-1: Called Strike 0-2: Ball 1-2: Strikes out swinging
|
|
Batting: RHB Brad Wellman
|
0-0: SINGLE (Line Drive, 8RS, EV 108.8 MPH)
|
|
Batting: RHB Dale Berra
|
0-0: Ball 1-0: Swinging Strike 1-1: Fielders Choice at 2nd, 4-6 (Groundball, 4, EV 83.8 MPH)
|
|
Batting: RHB Jose Canseco
|
0-0: Ball 1-0: Called Strike 1-1: Fly out, F9 (Line Drive, 9D, EV 103.8 MPH)
|
| Bottom of the 4th over - 0 runs, 1 hit, 0 errors, 1 left on base; Cocoa 2 - Dunedin 0 |
| TOP OF THE 5TH |
|
Cocoa Flyers batting - Pitching for Dunedin Blue Jays : RHP Johnny Abrego
|
|
Batting: RHB Jorge Diaz
|
0-0: Called Strike 0-1: Ball 1-1: Foul Ball, location: 2F 1-2: Ball 2-2: Ball 3-2: Base on Balls
|
|
Batting: RHB Danny Arroyo
|
0-0: Ball 1-0: Bunt missed! 1-1: Ball 2-1: Bunt missed! 2-2: Ball 3-2: Fly out, F9 (Flyball, 9, EV 91.9 MPH)
|
|
Batting: LHB Gary Robertson
|
0-0: Ball 1-0: Swinging Strike 1-1: Foul Ball, location: 2F 1-2: Ball 2-2: Strikes out swinging
|
|
Batting: LHB Mike Jones
|
0-0: Ball 1-0: Foul Ball, location: 2F 1-1: Ball 2-1: Foul Ball, location: 2F 2-2: SINGLE (Line Drive, 34, EV 93.8 MPH) Jorge Diaz to second Runner from 2nd tries for 3rd, SAFE, no throw by RF
|
|
Batting: LHB Shanie Dugas
|
0-0: Called Strike 0-1: Ball 1-1: Foul Ball, location: 2F 1-2: Ground out 4-3 (Groundball, 34, EV 100.6 MPH)
|
| Top of the 5th over - 0 runs, 1 hit, 0 errors, 2 left on base; Cocoa 2 - Dunedin 0 |
| BOTTOM OF THE 5TH |
|
Dunedin Blue Jays batting - Pitching for Cocoa Flyers : RHP Scott Garrelts
|
|
Batting: LHB Monte McAbee
|
0-0: Ball 1-0: SINGLE (Line Drive, 9S, EV 111.9 MPH)
|
|
Batting: RHB Eugene Pallavicini
|
0-0: Sac Bunt to 2R - play at first, batter OUT! 2-3 Monte McAbee to second
|
|
Batting: RHB Dave Hogg
|
0-0: Ball 1-0: Called Strike 1-1: Ball 2-1: SINGLE (Groundball, 56D, EV 104.4 MPH) Monte McAbee to third Runner from 3rd tries for Home, throw by LF and OUT! 7-2
|
|
Batting: RHB Robert Conley
|
0-0: Called Strike 0-1: Ball 1-1: Called Strike 1-2: Fly out, F4 (Popup, 4M, EV 72.5 MPH)
|
| Bottom of the 5th over - 0 runs, 2 hits, 0 errors, 1 left on base; Cocoa 2 - Dunedin 0 |
| TOP OF THE 6TH |
|
Cocoa Flyers batting - Pitching for Dunedin Blue Jays : RHP Johnny Abrego
|
|
Batting: RHB Larry McNutt
|
0-0: Called Strike 0-1: Foul Ball, location: 2F 0-2: Strikes out looking
|
|
Batting: LHB Clint Hurdle
|
0-0: Foul Ball, location: 2F 0-1: Ball 1-1: Called Strike 1-2: Ball 2-2: Ball 3-2: DOUBLE (Line Drive, 9LM, EV 97.5 MPH) - OUT at third base trying to stretch hit.
|
|
Batting: RHB Lorenzo Quintanilla
|
0-0: Called Strike 0-1: Called Strike 0-2: Ball 1-2: Fly out, F9 (Line Drive, 9, EV 93.8 MPH)
|
| Top of the 6th over - 0 runs, 1 hit, 0 errors, 0 left on base; Cocoa 2 - Dunedin 0 |
| BOTTOM OF THE 6TH |
|
Dunedin Blue Jays batting - Pitching for Cocoa Flyers : RHP Scott Garrelts
|
|
Batting: RHB Scott Richartz
|
0-0: Called Strike 0-1: Called Strike 0-2: Ball 1-2: Ball 2-2: Strikes out looking
|
|
Batting: SHB Ted Wilborn
|
0-0: Ball 1-0: Swinging Strike 1-1: Ball 2-1: Ball 3-1: Base on Balls
|
|
Batting: RHB Brad Wellman
|
0-0: Called Strike Ted Wilborn steals 2nd base 0-1: Ball 1-1: Swinging Strike 1-2: Ball 2-2: Strikes out swinging
|
|
Batting: RHB Dale Berra
|
0-0: Ball 1-0: Ground out 5-3 (Groundball, 56, EV 105.6 MPH)
|
| Bottom of the 6th over - 0 runs, 0 hits, 0 errors, 1 left on base; Cocoa 2 - Dunedin 0 |
| TOP OF THE 7TH |
|
Cocoa Flyers batting - Pitching for Dunedin Blue Jays : RHP Johnny Abrego
|
|
Batting: RHB Miguel Dominguez
|
0-0: Foul Ball, location: 2F 0-1: Ground out 6-3 (Groundball, 6, EV 105.0 MPH)
|
|
Batting: RHB Jorge Diaz
|
0-0: Called Strike 0-1: SINGLE (Groundball, 25, EV 68.8 MPH) (infield hit)
|
|
Batting: RHB Danny Arroyo
|
0-0: Ball Jorge Diaz steals 2nd base 1-0: Ball 2-0: Ball 3-0: Called Strike 3-1: Foul Ball, location: 2F 3-2: Foul Ball, location: 2F 3-2: Hit by Pitch
|
|
Batting: LHB Gary Robertson
|
0-0: Ball 1-0: Ball 2-0: Called Strike 2-1: Foul Ball, location: 2F 2-2: Ball 3-2: Foul Ball, location: 2F 3-2: Foul Ball, location: 2F 3-2: Base on Balls Jorge Diaz to third Danny Arroyo to second
|
|
Batting: LHB Mike Jones
|
0-0: Ball 1-0: Fly out, F9 (Flyball, 9LS, EV 82.5 MPH)
|
|
Batting: LHB Shanie Dugas
|
0-0: Ball 1-0: Ball 2-0: Fly out, F8 (Flyball, 8LD, EV 87.5 MPH)
|
| Top of the 7th over - 0 runs, 1 hit, 0 errors, 3 left on base; Cocoa 2 - Dunedin 0 |
| BOTTOM OF THE 7TH |
|
Dunedin Blue Jays batting - Pitching for Cocoa Flyers : RHP Scott Garrelts
|
|
Batting: RHB Jose Canseco
|
0-0: Fly out, F8 (Flyball, 8RD, EV 83.8 MPH)
|
|
Batting: LHB Monte McAbee
|
0-0: Ball 1-0: Ball 2-0: Ball 3-0: Base on Balls
|
|
Batting: RHB Eugene Pallavicini
|
0-0: Grounds into double play, 6-4-3 (Groundball, 6, EV 98.1 MPH)
|
| Bottom of the 7th over - 0 runs, 0 hits, 0 errors, 0 left on base; Cocoa 2 - Dunedin 0 |
| TOP OF THE 8TH |
|
Cocoa Flyers batting - Pitching for Dunedin Blue Jays : RHP Johnny Abrego
|
|
Batting: RHB Larry McNutt
|
0-0: Ball 1-0: Foul Ball, location: 2F 1-1: SINGLE (Groundball, 6M, EV 95.0 MPH) (infield hit)
|
|
Batting: LHB Clint Hurdle
|
0-0: Ball 1-0: Foul Ball, location: 2F 1-1: Called Strike Larry McNutt steals 2nd base 1-2: Strikes out swinging
|
|
Batting: RHB Lorenzo Quintanilla
|
0-0: Ball 1-0: Fly out, F4 (Flyball, 3D, EV 82.5 MPH)
|
|
Batting: RHB Miguel Dominguez
|
0-0: Foul Ball, location: 2F 0-1: Ball 1-1: Fly out, F4 (Flyball, 4D, EV 93.1 MPH)
|
| Top of the 8th over - 0 runs, 1 hit, 0 errors, 1 left on base; Cocoa 2 - Dunedin 0 |
| BOTTOM OF THE 8TH |
|
Dunedin Blue Jays batting - Pitching for Cocoa Flyers : RHP Scott Garrelts
|
|
Batting: RHB Dave Hogg
|
0-0: Ball 1-0: Ball 2-0: Foul Ball, location: 2F 2-1: Ball 3-1: Called Strike 3-2: Foul Ball, location: 2F 3-2: Ground out 4-3 (Groundball, 4, EV 90.0 MPH)
|
|
Batting: RHB Robert Conley
|
0-0: Ball 1-0: Ball 2-0: Ball 3-0: Base on Balls
|
|
Batting: RHB Scott Richartz
|
0-0: Called Strike 0-1: Foul Ball, location: 2F 0-2: Fielders Choice at 2nd, 6-4 (Groundball, 6, EV 99.4 MPH)
|
|
Batting: SHB Ted Wilborn
|
0-0: Ball 1-0: Called Strike 1-1: Foul Ball, location: 2F 1-2: Ball 2-2: DOUBLE (Line Drive, 78D, EV 109.4 MPH) Scott Richartz to third Runner from 3rd tries for Home, SAFE, throw by CF to home
|
|
Batting: RHB Brad Wellman
|
0-0: Ball 1-0: Ball 2-0: Ball 3-0: Called Strike 3-1: Ground out 6-3 (Groundball, 6M, EV 84.4 MPH)
|
| Bottom of the 8th over - 1 run, 1 hit, 0 errors, 1 left on base; Cocoa 2 - Dunedin 1 |
| TOP OF THE 9TH |
|
Cocoa Flyers batting - Pitching for Dunedin Blue Jays : RHP Johnny Abrego
|
|
Pitching: LHP Carlos A Diaz
|
|
|
Batting: RHB Jorge Diaz
|
0-0: Ball 1-0: Fly out, F6 (Popup, 4MS, EV 56.3 MPH)
|
|
Batting: RHB Danny Arroyo
|
0-0: Ball 1-0: Foul Ball, location: 2F 1-1: Foul Ball, location: 2F 1-2: Ball 2-2: Fly out, F3 (Popup, 3SF, EV 71.3 MPH)
|
|
Batting: LHB Gary Robertson
|
0-0: Called Strike 0-1: Foul Ball, location: 2F 0-2: SINGLE (Line Drive, 4MD, EV 109.4 MPH)
|
|
Batting: LHB Mike Jones
|
0-0: Foul Ball, location: 2F 0-1: Foul Ball, location: 2F 0-2: Foul Ball, location: 2F 0-2: Ball 1-2: Strikes out swinging
|
| Top of the 9th over - 0 runs, 1 hit, 0 errors, 1 left on base; Cocoa 2 - Dunedin 1 |
| BOTTOM OF THE 9TH |
|
Dunedin Blue Jays batting - Pitching for Cocoa Flyers : RHP Scott Garrelts
|
|
Pitching: RHP Jeffery Vail
|
|
|
Now in RF: Michael Palmer
|
|
|
Batting: RHB Dale Berra
|
0-0: Called Strike 0-1: Ground out 6-3 (Groundball, 6, EV 94.4 MPH)
|
|
Batting: RHB Jose Canseco
|
0-0: Ball 1-0: Ball 2-0: Ball 3-0: Called Strike 3-1: SINGLE (Flyball, 89XD, EV 110.6 MPH)
|
|
Batting: LHB Monte McAbee
|
0-0: Called Strike 0-1: Ball 1-1: Ball 2-1: Swinging Strike 2-2: Ball 3-2: Reached on error, E8 (Flyball, 8RD, EV 94.4 MPH) Jose Canseco to second
|
|
Batting: RHB Eugene Pallavicini
|
0-0: Grounds into double play, 6-4-3 (Groundball, 6, EV 88.8 MPH)
|
| Bottom of the 9th over - 0 runs, 1 hit, 1 error, 1 left on base; Cocoa 2 - Dunedin 1 |
|